PL
D.C. DIVIDED @ RICHARDSON CITY THUNDERCATS
07/01/2030
 
TOP OF THE 1ST
D.C. Divided batting - Pitching for Richardson City Thundercats : RHP Juan Valéncia
Pitching: RHP Juan Valéncia
Batting: RHB Roberto Maestas 0-0: Ball
1-0: Ball
2-0: Foul Ball, location: 2F
2-1: SINGLE (Groundball, 6D)
Batting: RHB Rubén Alvarado 0-0: Ball
1-0: Ball
Roberto Maestas steals 2nd base
2-0: Ball
3-0: Called Strike
3-1: Base on Balls
Batting: RHB Julián Salcido 0-0: Called Strike
Roberto Maestas steals 3rd base
Rubén Alvarado to second
0-1: Ball
1-1: Ball
2-1: Ball
3-1: 3-RUN HOME RUN (Flyball, 9D), Distance : 362 ft
Batting: RHB Wilbur Davis 0-0: Called Strike
0-1: SINGLE (Flyball, 7LM)
Batting: RHB Arturo Rodríguez 0-0: Called Strike
0-1: Ball
1-1: Ball
2-1: Foul Ball, location: 2F
2-2: Strikes out looking
Batting: LHB Obidiah Lewis 0-0: Swinging Strike
0-1: Foul Ball, location: 2F
0-2: Ball
1-2: Ball
2-2: Ball
Passed Ball!
Wilbur Davis to second
3-2: Base on Balls
Batting: RHB Chad Silander 0-0: Ball
1-0: Foul Ball, location: 2F
1-1: Called Strike
1-2: Strikes out swinging
Batting: RHB Ken Bone 0-0: Foul Ball, location: 2F
0-1: Foul Ball, location: 2F
0-2: Strikes out looking
Top of the 1st over - 3 runs, 3 hits, 0 errors, 2 left on base; D.C. 3 - Richardson City 0
BOTTOM OF THE 1ST
Richardson City Thundercats batting - Pitching for D.C. Divided : RHP Ji Jing
Pitching: RHP Ji Jing
Batting: LHB Fernando Ramírez 0-0: Swinging Strike
0-1: Ball
1-1: Ball
2-1: Called Strike
2-2: Ball
3-2: Foul Ball, location: 2F
3-2: Foul Ball, location: 2F
3-2: Fly out, F8 (Flyball, 8RD)
Batting: LHB Eduardo Álvarez 0-0: Ball
1-0: Ball
2-0: Ball
3-0: Called Strike
3-1: Called Strike
3-2: SINGLE (Flyball, 7LM)
Batting: RHB Anselmo Berneu 0-0: Ball
1-0: Ball
2-0: Ball
3-0: Called Strike
3-1: Base on Balls
Eduardo Álvarez to second
Batting: RHB Tomás Martínez 0-0: Ball
1-0: Called Strike
1-1: Fly out, F6 (Popup, P)
Batting: RHB IV Seacat 0-0: Swinging Strike
0-1: Ball
1-1: Ball
2-1: Called Strike
2-2: Fly out, F4 (Popup, 13)
Bottom of the 1st over - 0 runs, 1 hit, 0 errors, 2 left on base; D.C. 3 - Richardson City 0
TOP OF THE 2ND
D.C. Divided batting - Pitching for Richardson City Thundercats : RHP Juan Valéncia
Batting: RHB Brant Thigpen 0-0: Ball
1-0: Swinging Strike
1-1: Ball
2-1: Foul Ball, location: 2F
2-2: Ball
3-2: Strikes out swinging
Batting: RHB Roberto Maestas 0-0: Swinging Strike
0-1: Ball
1-1: SINGLE (Line Drive, 78M)
Batting: RHB Rubén Alvarado 0-0: Ball
1-0: Ball
Roberto Maestas steals 2nd base
2-0: Called Strike
2-1: Foul Ball, location: 2F
2-2: Strikes out swinging
Batting: RHB Julián Salcido 0-0: 2-RUN HOME RUN (Flyball, 7D), Distance : 371 ft
Batting: RHB Wilbur Davis 0-0: Called Strike
0-1: Foul Ball, location: 2F
0-2: Ball
1-2: Fly out, F7 (Line Drive, 7D)
Top of the 2nd over - 2 runs, 2 hits, 0 errors, 0 left on base; D.C. 5 - Richardson City 0
BOTTOM OF THE 2ND
Richardson City Thundercats batting - Pitching for D.C. Divided : RHP Ji Jing
Batting: LHB Carroll Martin 0-0: Called Strike
0-1: Ground out U3 (Groundball, 3)
Batting: RHB Pedro Castillo 0-0: Swinging Strike
0-1: Ground out 6-3 (Groundball, 6)
Batting: RHB Alden Wiley 0-0: Called Strike
0-1: Fly out, F1 (Line Drive, 13S)
Bottom of the 2nd over - 0 runs, 0 hits, 0 errors, 0 left on base; D.C. 5 - Richardson City 0
TOP OF THE 3RD
D.C. Divided batting - Pitching for Richardson City Thundercats : RHP Juan Valéncia
Batting: RHB Arturo Rodríguez 0-0: Ball
1-0: Ball
2-0: Ball
3-0: Called Strike
3-1: Ground out 6-3 (Groundball, 6M)
Batting: LHB Obidiah Lewis 0-0: Called Strike
0-1: Ball
1-1: Swinging Strike
1-2: Strikes out swinging
Batting: RHB Chad Silander 0-0: Called Strike
0-1: Ball
1-1: Foul Ball, location: 2F
1-2: Ball
2-2: Foul Ball, location: 2F
2-2: Ball
3-2: Ground out 4-3 (Groundball, 4)
Top of the 3rd over - 0 runs, 0 hits, 0 errors, 0 left on base; D.C. 5 - Richardson City 0
BOTTOM OF THE 3RD
Richardson City Thundercats batting - Pitching for D.C. Divided : RHP Ji Jing
Batting: SHB Mitch Qualtrough 0-0: Foul Ball, location: 2F
0-1: Foul Ball, location: 2F
0-2: Ball
1-2: Ball
2-2: DOUBLE (Line Drive, 89S)
Batting: LHB Fernando Ramírez 0-0: Ball
1-0: Ball
2-0: Called Strike
2-1: Ball
3-1: Swinging Strike
3-2: Foul Ball, location: 2F
3-2: Foul Ball, location: 2F
3-2: Foul Ball, location: 2F
3-2: Foul Ball, location: 2F
3-2: Base on Balls
Batting: LHB Eduardo Álvarez 0-0: Ball
1-0: Called Strike
1-1: Ball
2-1: Swinging Strike
2-2: Strikes out looking
Batting: RHB Anselmo Berneu 0-0: Ball
1-0: Foul Ball, location: 2F
1-1: Ball
2-1: Called Strike
2-2: Fly out, F8 (Flyball, 8RXD)
Runner from 2nd tags up, SAFE at 3rd, no throw
Batting: RHB Tomás Martínez 0-0: Swinging Strike
0-1: Ball
1-1: Ball
2-1: Ground out 5-3 (Groundball, 56S)
Bottom of the 3rd over - 0 runs, 1 hit, 0 errors, 2 left on base; D.C. 5 - Richardson City 0
TOP OF THE 4TH
D.C. Divided batting - Pitching for Richardson City Thundercats : RHP Juan Valéncia
Batting: RHB Ken Bone 0-0: Ground out 4-3 (Groundball, 4)
Batting: RHB Brant Thigpen 0-0: Called Strike
0-1: Foul Ball, location: 2F
0-2: Strikes out swinging
Batting: RHB Roberto Maestas 0-0: Fly out, F6 (Line Drive, 6)
Top of the 4th over - 0 runs, 0 hits, 0 errors, 0 left on base; D.C. 5 - Richardson City 0
BOTTOM OF THE 4TH
Richardson City Thundercats batting - Pitching for D.C. Divided : RHP Ji Jing
Batting: RHB IV Seacat 0-0: Called Strike
0-1: Ball
1-1: Ball
2-1: Swinging Strike
2-2: Ball
3-2: Strikes out swinging
Batting: LHB Carroll Martin 0-0: Foul Ball, location: 2F
0-1: Fly out, F7 (Flyball, 7LD)
Batting: RHB Pedro Castillo 0-0: Ball
1-0: Ground out 4-3 (Groundball, 4MD)
Bottom of the 4th over - 0 runs, 0 hits, 0 errors, 0 left on base; D.C. 5 - Richardson City 0
TOP OF THE 5TH
D.C. Divided batting - Pitching for Richardson City Thundercats : RHP Juan Valéncia
Batting: RHB Rubén Alvarado 0-0: Ball
1-0: Swinging Strike
1-1: Ground out 3-1 (Groundball, 34)
Batting: RHB Julián Salcido 0-0: Ball
1-0: Ball
2-0: Ball
3-0: Called Strike
3-1: Called Strike
3-2: Base on Balls
Batting: RHB Wilbur Davis 0-0: Ball
1-0: Ground out 5-3 (Groundball, 25)
Julián Salcido to second
Batting: RHB Arturo Rodríguez 0-0: Foul Ball, location: 2F
0-1: Ground out 5-3 (Groundball, 56)
Top of the 5th over - 0 runs, 0 hits, 0 errors, 1 left on base; D.C. 5 - Richardson City 0
BOTTOM OF THE 5TH
Richardson City Thundercats batting - Pitching for D.C. Divided : RHP Ji Jing
Batting: RHB Alden Wiley 0-0: Called Strike
0-1: Foul Ball, location: 2F
0-2: Fly out, F3 (Popup, 3F)
Batting: SHB Mitch Qualtrough 0-0: Ground out U3 (Groundball, 3)
Batting: LHB Fernando Ramírez 0-0: Fly out, F8 (Flyball, 8LS)
Bottom of the 5th over - 0 runs, 0 hits, 0 errors, 0 left on base; D.C. 5 - Richardson City 0
TOP OF THE 6TH
D.C. Divided batting - Pitching for Richardson City Thundercats : RHP Juan Valéncia
Pitching: RHP Andrés Martínez
Batting: LHB Obidiah Lewis 0-0: Ball
1-0: Called Strike
1-1: Ground out 4-3 (Groundball, 4)
Batting: RHB Chad Silander 0-0: Foul Ball, location: 2F
0-1: Called Strike
0-2: Ball
1-2: Strikes out looking
Batting: RHB Ken Bone 0-0: DOUBLE (Line Drive, 7LM)
Batting: RHB Brant Thigpen 0-0: Foul Ball, location: 2F
0-1: Called Strike
0-2: Ball
1-2: Ball
2-2: Ground out 5-3 (Groundball, 56S)
Top of the 6th over - 0 runs, 1 hit, 0 errors, 1 left on base; D.C. 5 - Richardson City 0
BOTTOM OF THE 6TH
Richardson City Thundercats batting - Pitching for D.C. Divided : RHP Ji Jing
Batting: LHB Eduardo Álvarez 0-0: Called Strike
0-1: Ball
1-1: Fly out, F7 (Flyball, 7S)
Batting: RHB Anselmo Berneu 0-0: Ball
1-0: Ball
2-0: Foul Ball, location: 2F
2-1: Ball
3-1: Base on Balls
Batting: RHB Tomás Martínez 0-0: Swinging Strike
0-1: Ball
1-1: Ball
2-1: Fly out, F8 (Flyball, 8LM)
Batting: RHB IV Seacat 0-0: Ball
1-0: Ball
2-0: Called Strike
2-1: Ball
3-1: Called Strike
3-2: Foul Ball, location: 2F
3-2: DOUBLE (Groundball, 5L)
Anselmo Berneu to third
Anselmo Berneu scores
Batting: LHB Carroll Martin 0-0: Ball
1-0: Ball
2-0: Ground out 4-3 (Groundball, 4)
Bottom of the 6th over - 1 run, 1 hit, 0 errors, 1 left on base; D.C. 5 - Richardson City 1
TOP OF THE 7TH
D.C. Divided batting - Pitching for Richardson City Thundercats : RHP Andrés Martínez
Batting: RHB Roberto Maestas 0-0: Ball
1-0: Called Strike
1-1: Ball
2-1: Called Strike
2-2: Foul Ball, location: 2F
2-2: Strikes out swinging
Batting: RHB Rubén Alvarado 0-0: Ground out 6-3 (Groundball, 6)
Batting: RHB Julián Salcido 0-0: Ball
1-0: Ball
2-0: Swinging Strike
2-1: Swinging Strike
2-2: Strikes out looking
Top of the 7th over - 0 runs, 0 hits, 0 errors, 0 left on base; D.C. 5 - Richardson City 1
BOTTOM OF THE 7TH
Richardson City Thundercats batting - Pitching for D.C. Divided : RHP Ji Jing
Batting: RHB Pedro Castillo 0-0: Ball
1-0: Ball
2-0: Fly out, F8 (Flyball, 8RM)
Batting: RHB Alden Wiley 0-0: Ball
1-0: Ball
2-0: Ground out 6-3 (Groundball, 6)
Batting: SHB Mitch Qualtrough 0-0: Called Strike
0-1: Ground out 6-3 (Groundball, 6)
Bottom of the 7th over - 0 runs, 0 hits, 0 errors, 0 left on base; D.C. 5 - Richardson City 1
TOP OF THE 8TH
D.C. Divided batting - Pitching for Richardson City Thundercats : RHP Andrés Martínez
Batting: RHB Wilbur Davis 0-0: Ball
1-0: Ground out 6-3 (Groundball, 6)
Batting: RHB Arturo Rodríguez 0-0: Ball
1-0: Ball
2-0: SINGLE (Groundball, 34D)
Batting: LHB Obidiah Lewis 0-0: Ball
1-0: Ground out 3-1 (Groundball, 34S)
Arturo Rodríguez to second
Batting: RHB Chad Silander 0-0: Ball
1-0: Called Strike
1-1: Ball
2-1: Swinging Strike
2-2: Ball
3-2: Foul Ball, location: 2F
3-2: Foul Ball, location: 2F
3-2: Fly out, F3 (Popup, 34S)
Top of the 8th over - 0 runs, 1 hit, 0 errors, 1 left on base; D.C. 5 - Richardson City 1
BOTTOM OF THE 8TH
Richardson City Thundercats batting - Pitching for D.C. Divided : RHP Ji Jing
Batting: LHB Fernando Ramírez 0-0: Called Strike
0-1: Ball
1-1: SINGLE (Groundball, 56D)
Pitching: RHP Gavin Blackburn
Batting: LHB Eduardo Álvarez 0-0: Ball
1-0: Foul Ball, location: 2F
1-1: Ball
2-1: Fly out, F7 (Flyball, 7S)
Batting: RHB Anselmo Berneu 0-0: Ball
1-0: 2-RUN HOME RUN (Flyball, 89D), Distance : 388 ft
Batting: RHB Tomás Martínez 0-0: Foul Ball, location: 2F
0-1: Ball
1-1: Foul Ball, location: 2F
1-2: Ball
2-2: Foul Ball, location: 2F
2-2: Strikes out looking
Batting: RHB IV Seacat 0-0: Ball
1-0: Swinging Strike
1-1: Ball
2-1: Ball
3-1: Called Strike
3-2: Strikes out swinging
Bottom of the 8th over - 2 runs, 2 hits, 0 errors, 0 left on base; D.C. 5 - Richardson City 3
TOP OF THE 9TH
D.C. Divided batting - Pitching for Richardson City Thundercats : RHP Andrés Martínez
Pitching: RHP Robinson Gonzáles
Batting: RHB Ken Bone 0-0: Ground out 5-3 (Groundball, 56)
Batting: RHB Brant Thigpen 0-0: Fly out, F9 (Flyball, 9)
Batting: RHB Roberto Maestas 0-0: Ball
1-0: Ground out 6-3 (Groundball, 6)
Top of the 9th over - 0 runs, 0 hits, 0 errors, 0 left on base; D.C. 5 - Richardson City 3
BOTTOM OF THE 9TH
Richardson City Thundercats batting - Pitching for D.C. Divided : RHP Gavin Blackburn
Pitching: RHP Gabriel Hidalgo
Batting: LHB Carroll Martin 0-0: Ball
1-0: Ball
2-0: Called Strike
2-1: Foul Ball, location: 2F
2-2: Fly out, F4 (Line Drive, 4)
Batting: RHB Pedro Castillo 0-0: Ball
1-0: Ball
2-0: Ball
3-0: SINGLE (Line Drive, 6MD)
Batting: RHB Alden Wiley 0-0: Fly out, F8 (Flyball, 8RS)
Batting: SHB Mitch Qualtrough 0-0: Ground out 4-3 (Groundball, 4M)
Bottom of the 9th over - 0 runs, 1 hit, 0 errors, 1 left on base; D.C. 5 - Richardson City 3
Sunday, March 18th, 2018 - OOTP Baseball 18.8 Build 76